SAA
VIRGINIA BEACH DEUCES @ PHOENIX HOTSPUR YOUTH
07/10/2023
 
TOP OF THE 1ST
Virginia Beach Deuces batting - Pitching for Phoenix Hotspur Youth : LHP Ricardo Sánchez
Pitching: LHP Ricardo Sánchez
Batting: RHB Armando García 0-0: Ball
1-0: Swinging Strike
1-1: Called Strike
1-2: SINGLE (Line Drive, 7LM)
Batting: RHB José Ramírez 0-0: Called Strike
0-1: SINGLE (Line Drive, 9LS)
Armando García to second
Batting: RHB Luis Jelarde 0-0: Called Strike
0-1: Ball
1-1: Foul Ball, location: 2F
1-2: Foul Ball, location: 2F
1-2: Ball
2-2: Ball
3-2: SINGLE (Groundball, 6MD)
Armando García to third
José Ramírez to second
Batting: RHB Christian O'Neal 0-0: Ball
1-0: Grounds into double play, 5-4-3 (Groundball, 56)
Armando García scores
José Ramírez to third
Batting: RHB Herman Cook 0-0: Called Strike
0-1: Ball
1-1: Foul Ball, location: 2F
1-2: Foul Ball, location: 2F
1-2: Strikes out looking
Top of the 1st over - 1 run(s), 3 hit(s), 0 error(s), 1 left on base; Virginia Beach 1 - Phoenix Hotspur 0
BOTTOM OF THE 1ST
Phoenix Hotspur Youth batting - Pitching for Virginia Beach Deuces : RHP Mark Walker
Pitching: RHP Mark Walker
Batting: LHB Ricardo Peña 0-0: Ball
1-0: Called Strike
1-1: Foul Ball, location: 2F
1-2: Foul Ball, location: 2F
1-2: Ball
2-2: Foul Ball, location: 2F
2-2: Foul Ball, location: 2F
2-2: Foul Ball, location: 2F
2-2: Ball
3-2: Foul Ball, location: 2F
3-2: Foul Ball, location: 2F
3-2: Base on Balls
Batting: LHB Shojiro Ueda 0-0: Called Strike
0-1: Ball
1-1: Ball
2-1: Grounds into double play, 1-6-3 (Groundball, 13)
Batting: RHB Alex Niemann 0-0: Ball
1-0: Ball
2-0: SINGLE (Line Drive, 6D)
Batting: RHB Keith Burnett 0-0: Foul Ball, location: 2F
0-1: Fielders Choice at 2nd, U4 (Groundball, 4M)
Bottom of the 1st over - 0 run(s), 1 hit(s), 0 error(s), 1 left on base; Virginia Beach 1 - Phoenix Hotspur 0
TOP OF THE 2ND
Virginia Beach Deuces batting - Pitching for Phoenix Hotspur Youth : LHP Ricardo Sánchez
Batting: LHB José Villarreal 0-0: Ball
1-0: Ground out 6-3 (Groundball, 6)
Batting: LHB Errol Levick 0-0: Fly out, F2 (Popup, 2RF)
Batting: LHB Jeff Rutherford 0-0: Called Strike
0-1: SINGLE (Groundball, 6MD)
Batting: LHB Stephen Baird 0-0: Called Strike
0-1: Called Strike
0-2: SINGLE (Groundball, 4MD)
Jeff Rutherford to second
Batting: RHB Armando García 0-0: SINGLE (Groundball, 56D)
Jeff Rutherford to third
Stephen Baird to second
Runner from 3rd tries for Home, SAFE, no throw or cutoff
Batting: RHB José Ramírez 0-0: Swinging Strike
0-1: Foul Ball, location: 2F
0-2: Ball
1-2: Ground out 5-3 (Groundball, 56S)
Top of the 2nd over - 1 run(s), 3 hit(s), 0 error(s), 2 left on base; Virginia Beach 2 - Phoenix Hotspur 0
BOTTOM OF THE 2ND
Phoenix Hotspur Youth batting - Pitching for Virginia Beach Deuces : RHP Mark Walker
Batting: RHB Javier González 0-0: Called Strike
0-1: Ball
1-1: Called Strike
1-2: Strikes out swinging
Batting: RHB Ed Sharp 0-0: Fly out, F9 (Flyball, 9D)
Batting: RHB Shohei Kiyomizu 0-0: Swinging Strike
0-1: DOUBLE (Line Drive, 78D)
Batting: RHB Dan Perkins 0-0: Called Strike
0-1: Fly out, F8 (Flyball, 8RM)
Bottom of the 2nd over - 0 run(s), 1 hit(s), 0 error(s), 1 left on base; Virginia Beach 2 - Phoenix Hotspur 0
TOP OF THE 3RD
Virginia Beach Deuces batting - Pitching for Phoenix Hotspur Youth : LHP Ricardo Sánchez
Batting: RHB Luis Jelarde 0-0: DOUBLE (Line Drive, 5D)
Batting: RHB Christian O'Neal 0-0: Ball
1-0: Ball
2-0: Ball
3-0: Base on Balls
Batting: RHB Herman Cook 0-0: Swinging Strike
0-1: Called Strike
0-2: Grounds into double play, 4-6-3 (Groundball, 4)
Luis Jelarde to third
Batting: LHB José Villarreal 0-0: Ball
1-0: Ball
2-0: Called Strike
2-1: Ground out 4-3 (Groundball, 4)
Top of the 3rd over - 0 run(s), 1 hit(s), 0 error(s), 1 left on base; Virginia Beach 2 - Phoenix Hotspur 0
BOTTOM OF THE 3RD
Phoenix Hotspur Youth batting - Pitching for Virginia Beach Deuces : RHP Mark Walker
Batting: RHB Larry Bryant 0-0: Called Strike
0-1: Ball
1-1: Ball
2-1: Foul Ball, location: 2F
2-2: Strikes out swinging
Batting: LHB Ricardo Peña 0-0: Foul Ball, location: 2F
0-1: Ball
1-1: Called Strike
1-2: Fly out, F9 (Flyball, 89M)
Batting: LHB Shojiro Ueda 0-0: Ball
1-0: Ball
2-0: Ball
3-0: Base on Balls
Batting: RHB Alex Niemann 0-0: Ball
1-0: Fly out, F4 (Popup, 4D)
Bottom of the 3rd over - 0 run(s), 0 hit(s), 0 error(s), 1 left on base; Virginia Beach 2 - Phoenix Hotspur 0
TOP OF THE 4TH
Virginia Beach Deuces batting - Pitching for Phoenix Hotspur Youth : LHP Ricardo Sánchez
Batting: LHB Errol Levick 0-0: Ball
1-0: Ball
2-0: Called Strike
2-1: Foul Ball, location: 2F
2-2: Foul Ball, location: 2F
2-2: Fly out, F2 (Popup, 2LF)
Batting: LHB Jeff Rutherford 0-0: Called Strike
0-1: Foul Ball, location: 2F
0-2: Ball
1-2: Ball
2-2: Ground out 3-1 (Groundball, 3L)
Batting: LHB Stephen Baird 0-0: Ground out U3 (Groundball, 3L)
Top of the 4th over - 0 run(s), 0 hit(s), 0 error(s), 0 left on base; Virginia Beach 2 - Phoenix Hotspur 0
BOTTOM OF THE 4TH
Phoenix Hotspur Youth batting - Pitching for Virginia Beach Deuces : RHP Mark Walker
Batting: RHB Keith Burnett 0-0: Ground out 5-3 (Groundball, 5)
Batting: RHB Javier González 0-0: Ball
1-0: Swinging Strike
1-1: Ground out 6-3 (Groundball, 6M)
Batting: RHB Ed Sharp 0-0: Foul Ball, location: 2F
0-1: SINGLE (Line Drive, 5D)
Batting: RHB Shohei Kiyomizu 0-0: Ball
1-0: Ball
2-0: SINGLE (Groundball, 56D)
Ed Sharp to second
Batting: RHB Dan Perkins 0-0: Called Strike
0-1: Ball
1-1: Called Strike
1-2: Foul Ball, location: 2F
1-2: Fly out, F8 (Flyball, 8RM)
Bottom of the 4th over - 0 run(s), 2 hit(s), 0 error(s), 2 left on base; Virginia Beach 2 - Phoenix Hotspur 0
TOP OF THE 5TH
Virginia Beach Deuces batting - Pitching for Phoenix Hotspur Youth : LHP Ricardo Sánchez
Batting: RHB Armando García 0-0: Ball
1-0: Ball
2-0: Ball
3-0: Called Strike
3-1: Swinging Strike
3-2: SINGLE (Groundball, 15) (infield hit)
Batting: RHB José Ramírez 0-0: Called Strike
0-1: Sac Bunt - play at second, runner OUT! 2-6
Batting: RHB Luis Jelarde 0-0: Called Strike
0-1: Fly out, F8 (Flyball, 8LXD)
Batting: RHB Christian O'Neal Pickoff Throw to First - Out!
Top of the 5th over - 0 run(s), 1 hit(s), 0 error(s), 0 left on base; Virginia Beach 2 - Phoenix Hotspur 0
BOTTOM OF THE 5TH
Phoenix Hotspur Youth batting - Pitching for Virginia Beach Deuces : RHP Mark Walker
Batting: RHB Larry Bryant 0-0: Ball
1-0: Ball
2-0: Called Strike
2-1: Fly out, F7 (Popup, 78S)
Batting: LHB Ricardo Peña 0-0: Foul Ball, location: 2F
0-1: SOLO HOME RUN (Flyball, 9D), Distance : 358 ft
Batting: LHB Shojiro Ueda 0-0: Ball
1-0: Fly out, F8 (Popup, 8LS)
Batting: RHB Alex Niemann 0-0: Foul Ball, location: 2F
0-1: Ground out 5-3 (Groundball, 15S)
Bottom of the 5th over - 1 run(s), 1 hit(s), 0 error(s), 0 left on base; Virginia Beach 2 - Phoenix Hotspur 1
TOP OF THE 6TH
Virginia Beach Deuces batting - Pitching for Phoenix Hotspur Youth : LHP Ricardo Sánchez
Batting: RHB Christian O'Neal 0-0: Ball
1-0: Called Strike
1-1: Foul Ball, location: 2F
1-2: Fly out, F6 (Popup, 56D)
Batting: RHB Herman Cook 0-0: Ball
1-0: Foul Ball, location: 2F
1-1: Called Strike
1-2: Ball
2-2: Ball
3-2: Strikes out looking
Batting: LHB José Villarreal 0-0: Called Strike
0-1: Ball
1-1: Fly out, F4 (Line Drive, 34)
Top of the 6th over - 0 run(s), 0 hit(s), 0 error(s), 0 left on base; Virginia Beach 2 - Phoenix Hotspur 1
BOTTOM OF THE 6TH
Phoenix Hotspur Youth batting - Pitching for Virginia Beach Deuces : RHP Mark Walker
Batting: RHB Keith Burnett 0-0: Ball
1-0: Fly out, F8 (Popup, 8LS)
Batting: RHB Javier González 0-0: Ball
1-0: DOUBLE (Line Drive, 8LM)
Batting: RHB Ed Sharp 0-0: Ground out U3 (Groundball, 3L)
Javier González to third
Batting: RHB Shohei Kiyomizu 0-0: Called Strike
0-1: Called Strike
0-2: Strikes out looking
Bottom of the 6th over - 0 run(s), 1 hit(s), 0 error(s), 1 left on base; Virginia Beach 2 - Phoenix Hotspur 1
TOP OF THE 7TH
Virginia Beach Deuces batting - Pitching for Phoenix Hotspur Youth : LHP Ricardo Sánchez
Batting: LHB Errol Levick 0-0: Ball
1-0: Ground out U3 (Groundball, 3)
Batting: LHB Jeff Rutherford 0-0: Foul Ball, location: 2F
0-1: Foul Ball, location: 2F
0-2: SINGLE (Groundball, 5L)
Pinch Hitting: RHB Luis Sáenz 0-0: DOUBLE (Flyball, 8RXD)
Jeff Rutherford to third
Batting: RHB Armando García 0-0: Fly out, F9 (Flyball, 89M)
0-0: Fly out, F9 (Flyball, 89M)
Batting: RHB José Ramírez 0-0: Called Strike
0-1: Ball
1-1: Ball
2-1: Swinging Strike
2-2: SINGLE (Line Drive, 9LS)
Jeff Rutherford scores
Luis Sáenz to third
Runner from 3rd tries for Home, SAFE, no throw or cutoff
Batting: RHB Luis Jelarde 0-0: Ball
1-0: Foul Ball, location: 2F
1-1: Fly out, F9 (Flyball, 89D)
Top of the 7th over - 2 run(s), 3 hit(s), 0 error(s), 1 left on base; Virginia Beach 4 - Phoenix Hotspur 1
BOTTOM OF THE 7TH
Phoenix Hotspur Youth batting - Pitching for Virginia Beach Deuces : RHP Mark Walker
Now at 3B: José Bravo
Batting: RHB Dan Perkins 0-0: Called Strike
0-1: Ball
1-1: Fly out, F7 (Flyball, 78M)
Batting: RHB Larry Bryant 0-0: Ball
1-0: SINGLE (Groundball, 6MD)
Batting: LHB Ricardo Peña 0-0: Ball
1-0: DOUBLE (Line Drive, 78S)
Larry Bryant to third
Runner from 3rd tries for Home, SAFE, no throw or cutoff
Batting: LHB Shojiro Ueda 0-0: Ball
1-0: Ball
2-0: Fly out, F4 (Popup, 34)
Batting: RHB Alex Niemann 0-0: Ball
1-0: Ball
2-0: Fly out, F9 (Line Drive, 9D)
Bottom of the 7th over - 1 run(s), 2 hit(s), 0 error(s), 1 left on base; Virginia Beach 4 - Phoenix Hotspur 2
TOP OF THE 8TH
Virginia Beach Deuces batting - Pitching for Phoenix Hotspur Youth : LHP Ricardo Sánchez
Batting: RHB Christian O'Neal 0-0: Ball
1-0: Called Strike
1-1: Ground out 6-3 (Groundball, 6MS)
Batting: RHB Herman Cook 0-0: Ball
1-0: Ball
2-0: Called Strike
2-1: Ball
3-1: Swinging Strike
3-2: Ground out 4-3 (Groundball, 4)
Batting: LHB José Villarreal 0-0: Ball
1-0: Foul Ball, location: 2F
1-1: Ball
2-1: Foul Ball, location: 2F
2-2: Ball
3-2: Foul Ball, location: 2F
3-2: Base on Balls
Pitching: LHP Raúl Gonzáles
Batting: LHB Errol Levick 0-0: Called Strike
0-1: Ball
José Villarreal steals 2nd base
1-1: Ball
2-1: Fly out, F4 (Popup, 3)
Top of the 8th over - 0 run(s), 0 hit(s), 0 error(s), 1 left on base; Virginia Beach 4 - Phoenix Hotspur 2
BOTTOM OF THE 8TH
Phoenix Hotspur Youth batting - Pitching for Virginia Beach Deuces : RHP Mark Walker
Batting: RHB Keith Burnett 0-0: Foul Ball, location: 2F
0-1: Ball
1-1: Foul Ball, location: 2F
1-2: Foul Ball, location: 2F
1-2: Ball
2-2: Foul Ball, location: 2F
2-2: Foul Ball, location: 2F
2-2: Foul Ball, location: 2F
2-2: SINGLE (Groundball, 6MD)
Batting: RHB Javier González 0-0: Fielders Choice at 2nd, 5-4 (Groundball, 56)
Batting: RHB Ed Sharp 0-0: Called Strike
0-1: Ball
1-1: Fielders Choice at 2nd, 6-4 (Groundball, 6M)
Batting: RHB Shohei Kiyomizu 0-0: Called Strike
0-1: Ball
1-1: Ball
2-1: Fly out, F9 (Line Drive, 9LM)
Bottom of the 8th over - 0 run(s), 1 hit(s), 0 error(s), 1 left on base; Virginia Beach 4 - Phoenix Hotspur 2
TOP OF THE 9TH
Virginia Beach Deuces batting - Pitching for Phoenix Hotspur Youth : LHP Raúl Gonzáles
Pitching: RHP Jim Unknown
Batting: LHB Jeff Rutherford 0-0: Swinging Strike
0-1: SINGLE (Line Drive, 9S)
Batting: RHB José Bravo Balk!
Jeff Rutherford to second
0-0: Fly out, F9 (Flyball, 89M)
Batting: RHB Armando García 0-0: Ball
1-0: Foul Ball, location: 2F
1-1: Foul Ball, location: 2F
1-2: Ball
2-2: Ball
3-2: Ground out 3-1 (Groundball, 34)
Jeff Rutherford to third
Batting: RHB José Ramírez 0-0: Ball
1-0: Ball
2-0: SINGLE (Flyball, 6MD)
Jeff Rutherford scores
Batting: RHB Luis Jelarde 0-0: Foul Ball, location: 2F
0-1: Ball
1-1: Swinging Strike
1-2: Ball
2-2: Strikes out swinging
Top of the 9th over - 1 run(s), 2 hit(s), 0 error(s), 1 left on base; Virginia Beach 5 - Phoenix Hotspur 2
BOTTOM OF THE 9TH
Phoenix Hotspur Youth batting - Pitching for Virginia Beach Deuces : RHP Mark Walker
Pitching: LHP Jim Unknown
Batting: RHB Dan Perkins 0-0: Ball
1-0: Called Strike
1-1: Ball
2-1: Swinging Strike
2-2: Foul Ball, location: 2F
2-2: Strikes out swinging
Batting: RHB Larry Bryant 0-0: Ball
1-0: Ground out 6-3 (Groundball, 6)
Batting: LHB Ricardo Peña 0-0: Ball
1-0: Ball
2-0: Ground out 1-3 (Groundball, 15)
Bottom of the 9th over - 0 run(s), 0 hit(s), 0 error(s), 0 left on base; Virginia Beach 5 - Phoenix Hotspur 2
This league is powered by Out of the Park Baseball, the baseball management simulation game for PC, Mac and Linux
Friday, July 8th, 2016 - OOTP Baseball 16.9 Build 39